[Event "Titled Tuesday Blitz December 06 Late 2022"]
[White "Kravtsiv, Martyn"]
[Black "Rosenthal, Nicholas"]
[WhiteFideId "14113147"]
[BlackFideId "2045150"]
[WhiteElo "2695"]
[BlackElo "2182"]
[Result "0-1"]
[Round "07"]
[TimeControl "180+1"]
[Date "2022.12.06"]
[WhiteClock "0:00:05"]
[BlackClock "0:00:06"]

1. e4 e6 2. d4 d5 3. e5 c5 4. c3 Nc6 5. Nf3 Bd7 6. a3 c4 7. g3 Na5 8. Nbd2 Ne7 9. h4 Nc8 10. Bh3 Nb6 11. O-O g6 12. Qe2 Be7 13. Rb1 Qc7 14. Re1 O-O-O 15. Nf1 Nb3 16. Bh6 Kb8 17. Ng5 Bxg5 18. Bxg5 Rde8 19. Ne3 h5 20. Ng2 Na4 21. Nf4 b5 22. Bg2 Bc6 23. Nh3 a5 24. Bf6 Rhg8 25. Ng5 Ka7 26. g4 hxg4 27. Qxg4 b4 28. axb4 axb4 29. Re3 bxc3 30. bxc3 Rb8 31. Kh2 Rb7 32. Rh3 Qa5 33. Nxe6 fxe6 34. Qxe6 Bd7 35. Qxg8 Bxh3 36. Bxh3 Qxc3 37. Qxd5 Qd3 38. Bg2 Rb8 39. Qd7+ Kb6 40. Qxa4 Qxb1 41. Qxc4 Na5 42. Qe6+ Kb5 43. Qd7+ Kb4 44. Be7+ Kc3 45. Qc7+ Nc4 46. Bg5 Rb2 47. Qf7 Qe1 48. Qf3+ Kxd4 49. Qd5+ Kc3 50. Qf3+ Kd4 51. e6 Rxf2 52. Bf6+ Kc5 53. Qd5+ Kb4 54. e7 Rxf6 55. Qd7 Qxh4+ 56. Kg1 Qf2+ 57. Kh2 Qh4+ 58. Kg1 Qe1+ 59. Kh2 Re6 60. Qb7+ Kc3 61. Qf3+ Qe3 0-1


[Site "https://www.chess.com"]

[Event "Titled Tuesday Blitz December 06 Late 2022"]
[White "Leenhouts, Koen"]
[Black "Putnam, Liam"]
[WhiteFideId "1008439"]
[BlackFideId "30938279"]
[WhiteElo "2409"]
[BlackElo "2082"]
[Result "1-0"]
[Round "07"]
[TimeControl "180+1"]
[Date "2022.12.06"]
[WhiteClock "0:00:09"]
[BlackClock "0:00:01"]

1. e4 e6 2. d3 d5 3. Nd2 Nf6 4. Ngf3 c5 5. g3 Nc6 6. Bg2 b5 7. O-O a5 8. Re1 Be7 9. h4 b4 10. exd5 exd5 11. c4 O-O 12. cxd5 Nxd5 13. Nc4 Bf6 14. Ng5 h6 15. Ne4 Be7 16. Qh5 Be6 17. Bxh6 gxh6 18. Qxh6 Re8 19. Ng5 Bxg5 20. hxg5 Nd4 21. g6 Qf6 22. Nd6 Red8 23. gxf7+ Bxf7 24. Nxf7 Kxf7 25. Qh5+ Kg7 26. Bxd5 Rxd5 27. Qxd5 Nf3+ 28. Kg2 Nxe1+ 29. Rxe1 Rf8 30. Qxc5 Qf3+ 31. Kg1 Qxd3 32. Qg5+ Kh8 33. Qh6+ Kg8 34. Qg5+ Kh8 35. Qh5+ Kg8 36. Qg4+ Kh8 37. Kg2 Qd5+ 38. Kg1 Qd2 39. Qh5+ Kg8 40. Qg4+ Kh8 41. Qe2 Qd4 42. Qe5+ Qxe5 43. Rxe5 a4 44. Re4 Rb8 45. f4 a3 46. b3 Kg7 47. Kg2 Rc8 48. Rxb4 Rc2+ 49. Kf3 Rxa2 50. Ra4 Ra1 51. Kg4 Kg6 52. Ra6+ Kf7 53. Kf5 a2 54. g4 Ke7 55. g5 Kf7 56. g6+ Kg7 57. Ra7+ Kg8 58. Kf6 Re1 59. Ra8+ 1-0


[Site "https://www.chess.com"]

[Event "Titled Tuesday Blitz December 06 Late 2022"]
[White "Maghsoodloo, Parham"]
[Black "Andreikin, Dmitry"]
[WhiteFideId "12539929"]
[BlackFideId "4158814"]
[WhiteElo "2672"]
[BlackElo "2735"]
[Result "0-1"]
[Round "07"]
[TimeControl "180+1"]
[Date "2022.12.06"]
[WhiteClock "0:00:06"]
[BlackClock "0:00:20"]

1. d4 d5 2. c4 e6 3. Nf3 a6 4. cxd5 exd5 5. Nc3 Nf6 6. Bf4 Bd6 7. Bg3 Ne4 8. e3 Nxg3 9. hxg3 c6 10. Bd3 Nd7 11. g4 g6 12. g5 Nf8 13. e4 Bg4 14. exd5 cxd5 15. Nxd5 Qa5+ 16. Nc3 Ne6 17. Rh4 Bxf3 18. Qxf3 Qxg5 19. Qxb7 O-O 20. Re4 Nf4 21. Rxf4 Qxf4 22. Ne2 Qh6 23. g3 Rab8 24. Qf3 Rxb2 25. Bxa6 Qh3 26. a3 Re8 27. Bc4 Re7 28. Ra2 Rexe2+ 29. Bxe2 Rxa2 30. Bc4 Qh1+ 0-1


[Site "https://www.chess.com"]

[Event "Titled Tuesday Blitz December 06 Late 2022"]
[White "Mahdavi, Reza"]
[Black "Khandelwal, Ankush"]
[WhiteFideId "12595926"]
[BlackFideId "413470"]
[WhiteElo "2242"]
[BlackElo "2271"]
[Result "1-0"]
[Round "07"]
[TimeControl "180+1"]
[Date "2022.12.07"]
[WhiteClock "0:01:44"]
[BlackClock "0:00:13"]

1. e4 c5 2. Nf3 d6 3. Bb5+ Nd7 4. c3 Nf6 5. Qe2 a6 6. Ba4 b5 7. Bc2 Bb7 8. d4 e6 9. a4 Be7 10. O-O O-O 11. Re1 Qc7 12. axb5 axb5 13. Rxa8 Rxa8 14. Qxb5 cxd4 15. Nxd4 Nc5 16. Nd2 e5 17. Nf5 Bf8 18. Qe2 g6 19. Ng3 Ba6 20. Qf3 Bg7 21. Nb3 Ne6 22. Be3 Rb8 23. Ra1 Bc4 24. Ra3 d5 25. exd5 Bxd5 26. Qd1 Rd8 27. Qe1 Nf4 28. f3 h5 29. h4 Qd7 30. Nd2 Nxg2 31. Kxg2 Qg4 32. Ne4 Qxh4 33. Bg5 1-0


[Site "https://www.chess.com"]

[Event "Titled Tuesday Blitz December 06 Late 2022"]
[White "Maksimovic, Bojan"]
[Black "Poliakova, Varvara"]
[WhiteFideId "14408120"]
[BlackFideId "13518313"]
[WhiteElo "2462"]
[BlackElo "2075"]
[Result "1-0"]
[Round "07"]
[TimeControl "180+1"]
[Date "2022.12.06"]
[WhiteClock "0:00:07"]
[BlackClock "0:00:20"]

1. d4 f5 2. Bg5 g6 3. Nf3 d6 4. e3 Bg7 5. Nc3 Nf6 6. Bc4 e6 7. e4 h6 8. Bxf6 Qxf6 9. e5 Qf7 10. exd6 cxd6 11. O-O O-O 12. Re1 d5 13. Bb3 Nc6 14. Ne2 g5 15. c3 g4 16. Nd2 f4 17. Nc1 f3 18. g3 Qh5 19. h4 Bf6 20. Nf1 Bxh4 21. gxh4 Qxh4 22. Qd3 Rf6 23. Ng3 Ne7 24. Re5 Ng6 25. Rh5 Qg5 26. Rxg5 hxg5 27. Qe3 Nf4 28. Nd3 Nh3+ 29. Kf1 Bd7 30. Ke1 Kf7 31. Kd2 Rh8 32. Ne5+ Ke7 33. Nxg4 Rf4 34. Ne5 Be8 35. Rh1 Rhh4 36. Nd3 Rf6 37. Bxd5 Bg6 38. Ne5 Be8 39. Bxf3 Nf4 40. Rxh4 gxh4 41. Ne4 Rf8 42. Bg4 Rg8 43. Qxf4 1-0


[Site "https://www.chess.com"]

[Event "Titled Tuesday Blitz December 06 Late 2022"]
[White "Marcolino, Daniel Mattos"]
[Black "Przybylski, Wojciech"]
[WhiteFideId "2106841"]
[BlackFideId "1117599"]
[WhiteElo "2166"]
[BlackElo "2217"]
[Result "0-1"]
[Round "07"]
[TimeControl "180+1"]
[Date "2022.12.07"]
[WhiteClock "0:02:24"]
[BlackClock "0:02:31"]

1. d4 d5 2. Nf3 Nf6 3. g3 Bg4 4. Bg2 c6 5. c4 e6 6. h3 Bxf3 7. Bxf3 Nbd7 8. O-O Be7 9. Bg2 O-O 10. Qb3 Qb6 11. c5 Qb5 12. Qxb5 cxb5 13. b4 Nb8 14. Bg5 Nc6 15. e3 Nxb4 16. Nc3 a6 17. Rfb1 Nc2 18. Rc1 Nxa1 19. Rxa1 h6 0-1


[Site "https://www.chess.com"]

[Event "Titled Tuesday Blitz December 06 Late 2022"]
[White "Martinez Alcantara, Jose Eduardo"]
[Black "Tang, Andrew"]
[WhiteFideId "3805662"]
[BlackFideId "2059630"]
[WhiteElo "2707"]
[BlackElo "2582"]
[Result "1-0"]
[Round "07"]
[TimeControl "180+1"]
[Date "2022.12.06"]
[WhiteClock "0:00:10"]
[BlackClock "0:00:02"]

1. e4 e5 2. Nf3 Nc6 3. Bb5 a6 4. Ba4 Nf6 5. O-O Be7 6. d3 b5 7. Bb3 d6 8. a4 b4 9. a5 O-O 10. Nbd2 Rb8 11. h3 Be6 12. Bc4 Nd7 13. Nb3 Qc8 14. Bxe6 fxe6 15. Be3 d5 16. Qe2 Bd6 17. Bg5 Qe8 18. Bh4 Ne7 19. Bg3 c5 20. Rfe1 Ng6 21. Rad1 Qe7 22. Nbd2 Rf7 23. Nf1 Nf4 24. Bxf4 exf4 25. d4 c4 26. b3 Rc8 27. N1d2 c3 28. Nf1 Nb8 29. Qd3 Qd7 30. Ng5 dxe4 31. Qxe4 Rf5 32. Nxe6 Rxa5 33. d5 h6 34. Nh2 Qf7 35. Nf3 Nd7 36. Qd3 Rb5 37. Ra1 Nf6 38. Rxa6 Rxd5 39. Ned4 Bc5 40. Qc4 Rdd8 41. Qxf7+ Kxf7 42. Ne6 Re8 43. Nxf4 Ne4 44. Nd3 Bd6 45. Rxe4 Rxe4 46. Rxd6 Ra8 47. Rb6 Ra1+ 48. Kh2 Ra2 49. Nxb4 Rb2 50. g4 Re2 51. Kg3 Kg8 52. h4 Kh7 53. h5 Rb1 54. g5 Kg8 55. g6 Kf8 56. Rb7 Rh1 57. Nd5 Rxh5 58. Nxc3 Re6 59. Rb8+ Ke7 60. Nd4 Rxg6+ 61. Kf4 Rh4+ 62. Ke3 Rg5 63. f3 Re5+ 64. Ne4 Rd5 65. Rb7+ Ke8 66. Ne6 Rd7 67. Nxg7+ Kd8 68. Rb8+ Kc7 69. Rg8 Rh1 70. Ne6+ Kb7 71. N6c5+ 1-0


[Site "https://www.chess.com"]

[Event "Titled Tuesday Blitz December 06 Late 2022"]
[White "Martinez Reyes, Pedro Ramon"]
[Black "Stoleriu, George"]
[WhiteFideId "3901807"]
[BlackFideId "1227505"]
[WhiteElo "2354"]
[BlackElo "2287"]
[Result "0-1"]
[Round "07"]
[TimeControl "180+1"]
[Date "2022.12.07"]
[WhiteClock "0:00:03"]
[BlackClock "0:00:57"]

1. f4 Nh6 2. e4 d5 3. exd5 c6 4. dxc6 Nxc6 5. Nf3 g6 6. d4 Bg7 7. c3 O-O 8. Be2 Be6 9. O-O Rc8 10. Ne5 Bd5 11. Bf3 Nf5 12. Bxd5 Qxd5 13. Qf3 Qxf3 14. Nxf3 Rfd8 15. Na3 f6 16. g4 Nd6 17. Re1 Re8 18. Bd2 e5 19. fxe5 fxe5 20. dxe5 Nxe5 21. Nxe5 Bxe5 22. Kg2 b5 23. Nc2 Nc4 24. Re2 Bxh2 25. Rae1 Rxe2+ 26. Rxe2 Bd6 27. Bc1 Kf7 28. a3 Re8 29. Rf2+ Ke6 30. Nd4+ Kd5 31. Nxb5 Bc5 32. Rc2 Re1 33. b3 Ne5 34. c4+ Ke4 35. Nc3+ Kd3 36. Bd2 Rg1+ 37. Kh2 Kxc2 0-1


[Site "https://www.chess.com"]

[Event "Titled Tuesday Blitz December 06 Late 2022"]
[White "Matinian, Nikita"]
[Black "Goncalves, Davi Sulzbacher"]
[WhiteFideId "24129100"]
[BlackFideId "2154510"]
[WhiteElo "2422"]
[BlackElo "2182"]
[Result "1-0"]
[Round "07"]
[TimeControl "180+1"]
[Date "2022.12.07"]
[WhiteClock "0:01:47"]
[BlackClock "0:00:12"]

1. e4 c5 2. Nf3 d6 3. Bb5+ Nd7 4. d4 Nf6 5. O-O a6 6. Bd3 cxd4 7. Nxd4 g6 8. c4 Bg7 9. Nc3 O-O 10. Be3 Nc5 11. f3 Nxd3 12. Qxd3 Nd7 13. b3 Ne5 14. Qd2 Bd7 15. Rad1 Nc6 16. Nxc6 bxc6 17. Bh6 Qb6+ 18. Kh1 Bxh6 19. Qxh6 f5 20. e5 Qa5 21. exd6 e5 22. Qd2 Rae8 23. Na4 Qd8 24. Nc5 f4 25. Nxa6 e4 26. fxe4 Rxe4 27. Nc5 Re3 28. Rxf4 1-0


[Site "https://www.chess.com"]

[Event "Titled Tuesday Blitz December 06 Late 2022"]
[White "Mazurkiewicz, Michal"]
[Black "Adewumi, Tanitoluwa"]
[WhiteFideId "1124943"]
[BlackFideId "30966396"]
[WhiteElo "2081"]
[BlackElo "2521"]
[Result "1-0"]
[Round "07"]
[TimeControl "180+1"]
[Date "2022.12.07"]
[WhiteClock "0:00:20"]
[BlackClock "0:00:01"]

1. e4 c5 2. Nf3 e6 3. d3 Nc6 4. g3 Nf6 5. Bg2 d5 6. Nbd2 Be7 7. O-O b6 8. Re1 Bb7 9. c3 Qc7 10. a3 h6 11. h4 a5 12. exd5 exd5 13. Nf1 O-O 14. Bf4 Bd6 15. Bxd6 Qxd6 16. Ne3 Qd7 17. Qb3 d4 18. Nc4 a4 19. Qxb6 dxc3 20. Nce5 Qc8 21. bxc3 Nxe5 22. Nxe5 Bxg2 23. Kxg2 Nd5 24. Qb2 Qf5 25. c4 Nf6 26. Qe2 Rfe8 27. Qf3 Qe6 28. Rab1 Qd6 29. Qc6 Qd4 30. Nf3 Qxd3 31. Qxc5 Rxe1 32. Rxe1 Rd8 33. Qc6 Rd6 34. Qxa4 1-0


[Site "https://www.chess.com"]

[Event "Titled Tuesday Blitz December 06 Late 2022"]
[White "Melikyan, Gnel"]
[Black "Tanenbaum, Zachary"]
[WhiteFideId "54109990"]
[BlackFideId "2060850"]
[WhiteElo "2138"]
[BlackElo "2175"]
[Result "1/2-1/2"]
[Round "07"]
[TimeControl "180+1"]
[Date "2022.12.06"]
[WhiteClock "0:00:06"]
[BlackClock "0:00:02"]

1. d4 d5 2. c4 dxc4 3. e3 e5 4. Bxc4 Nc6 5. Ne2 exd4 6. Nxd4 Nxd4 7. Qxd4 Qxd4 8. exd4 Bb4+ 9. Bd2 Bxd2+ 10. Kxd2 Be6 11. Re1 O-O-O 12. Bxe6+ fxe6 13. Rxe6 Rxd4+ 14. Kc3 Rd1 15. Re8+ Rd8 16. Rxd8+ Kxd8 17. Nd2 Nf6 18. Nc4 Ne4+ 19. Kd4 Nxf2 20. Rf1 Ng4 21. Rf7 Nh6 22. Ne5 Re8 23. Rf3 Ke7 24. g4 Rd8+ 25. Ke4 Rf8 26. Rc3 Kd6 27. Rd3+ Ke6 28. Rc3 Nf7 29. Nxf7 Rxf7 30. h4 c6 31. b4 Rf2 32. a3 g6 33. b5 Kd6 34. bxc6 bxc6 35. Rd3+ Kc7 36. Rh3 Rg2 37. g5 Rd2 38. Ke5 Rf2 39. Ke6 Rf4 40. h5 c5 41. hxg6 hxg6 42. Rh7+ Kb6 43. Rg7 Rf3 44. Rxg6 Rxa3 45. Kd5+ Kb5 46. Rg7 Rg3 47. Rb7+ Ka6 48. Rg7 Kb6 49. g6 Rg5+ 50. Kc4 Rg4+ 51. Kd5 a5 52. Rg8 a4 53. g7 Rg5+ 54. Kc4 Kb7 55. Kb5 a3 56. Re8 Rxg7 57. Re3 a2 58. Ra3 Rc7 59. Rxa2 c4 60. Rc2 c3 61. Kb4 Kb6 62. Rxc3 Rxc3 63. Kxc3 1/2-1/2


[Site "https://www.chess.com"]

[Event "Titled Tuesday Blitz December 06 Late 2022"]
[White "Melkumyan, Hrant"]
[Black "Jobava, Baadur"]
[WhiteFideId "13302485"]
[BlackFideId "13601520"]
[WhiteElo "2604"]
[BlackElo "2582"]
[Result "1-0"]
[Round "07"]
[TimeControl "180+1"]
[Date "2022.12.06"]
[WhiteClock "0:02:03"]
[BlackClock "0:00:19"]

1. d4 d5 2. c4 dxc4 3. e3 e5 4. Bxc4 exd4 5. exd4 Nf6 6. Nf3 Bd6 7. Qe2+ Qe7 8. Qxe7+ Bxe7 9. O-O O-O 10. Re1 Bd8 11. Nc3 Nbd7 12. Bf4 Nb6 13. Bb3 Bf5 14. h3 h6 15. g4 Bc8 16. Ne5 c6 17. Ng6 Re8 18. Rxe8+ Nxe8 19. Re1 Nf6 20. Ne7+ Bxe7 21. Rxe7 Be6 22. Bxe6 fxe6 23. Rxb7 Nfd7 24. a4 a5 25. b3 Kf8 26. Bc7 Ra6 27. Bxb6 Nxb6 28. Ne4 Nd5 29. Nc5 Ra8 30. Nxe6+ Ke8 31. Nxg7+ Kd8 32. Ne6+ Kc8 33. Rh7 Ra6 34. Rh8+ 1-0


[Site "https://www.chess.com"]

[Event "Titled Tuesday Blitz December 06 Late 2022"]
[White "Mendez Fortes, Eduardo Jesus"]
[Black "Rustemov, Alexander"]
[WhiteFideId "3502376"]
[BlackFideId "4119002"]
[WhiteElo "2307"]
[BlackElo "2796"]
[Result "1-0"]
[Round "07"]
[TimeControl "180+1"]
[Date "2022.12.06"]
[WhiteClock "0:00:38"]
[BlackClock "0:00:04"]

1. e4 e6 2. d4 d5 3. Nd2 dxe4 4. Nxe4 Bd7 5. Nf3 Bc6 6. Bd3 Nd7 7. Qe2 Ngf6 8. Neg5 Qe7 9. Ne5 Nxe5 10. dxe5 Nd7 11. O-O h6 12. Nf3 Qb4 13. c3 Qg4 14. Re1 O-O-O 15. Be4 Bxe4 16. Qxe4 Qxe4 17. Rxe4 Nc5 18. Re1 Nd3 19. Re2 Bc5 20. Kf1 Rd7 21. b4 Bb6 22. Ba3 Rhd8 23. g3 a5 24. Kg2 Nxf2 25. Rxf2 Bxf2 26. Kxf2 Rd1 27. Rxd1 Rxd1 28. bxa5 Ra1 29. Bb4 Rxa2+ 30. Ke3 Kd7 31. Bf8 Rxa5 32. Bxg7 h5 33. Bf6 Ra2 34. h3 Rg2 35. Bh4 c5 36. Ng5 b5 37. Ne4 Kc6 38. Be7 Kd5 39. Bxc5 Kxe5 40. Bd4+ Kd5 41. Nf6+ Kc4 42. Nxh5 Rg1 43. Nf4 e5 44. Bxe5 Rxg3+ 45. Ke4 b4 46. cxb4 Kxb4 47. Nd5+ Kc4 48. Bxg3 f5+ 49. Kxf5 Kxd5 50. h4 Kc6 51. h5 Kd7 52. h6 Ke8 53. h7 Kf7 54. h8=Q Ke7 55. Qf6+ Kd7 56. Qe6+ 1-0


[Site "https://www.chess.com"]

[Event "Titled Tuesday Blitz December 06 Late 2022"]
[White "Moral Garcia, Serafin"]
[Black "Averjanov, Alexey"]
[WhiteFideId "2201925"]
[BlackFideId "14109867"]
[WhiteElo "2259"]
[BlackElo "2654"]
[Result "0-1"]
[Round "07"]
[TimeControl "180+1"]
[Date "2022.12.07"]
[WhiteClock "0:00:55"]
[BlackClock "0:00:52"]

1. c4 c5 2. Nc3 Nc6 3. g3 g6 4. Bg2 Bg7 5. a3 e6 6. Rb1 a5 7. d3 Nge7 8. e3 O-O 9. Nge2 d5 10. O-O b6 11. Qc2 Bb7 12. Rd1 Rc8 13. Nf4 d4 14. Na4 Rb8 15. Bd2 Qc7 16. b4 axb4 17. axb4 Ne5 18. bxc5 Bxg2 19. Kxg2 Qc6+ 20. e4 bxc5 21. Ne2 f5 22. f4 Nxd3 23. Qxd3 fxe4 24. Qa3 e3+ 25. Kg1 Rxb1 26. Rxb1 exd2 27. Nxc5 Nf5 28. Nb3 Ne3 0-1


[Site "https://www.chess.com"]

[Event "Titled Tuesday Blitz December 06 Late 2022"]
[White "Nazari, Arad"]
[Black "Yurasova, Daria"]
[WhiteFideId "12577324"]
[BlackFideId "34146919"]
[WhiteElo "2264"]
[BlackElo "2098"]
[Result "0-1"]
[Round "07"]
[TimeControl "180+1"]
[Date "2022.12.06"]
[WhiteClock "0:00:01"]
[BlackClock "0:00:05"]

1. e4 e5 2. f4 exf4 3. Nf3 g5 4. h4 g4 5. Ne5 d6 6. Nxg4 Nf6 7. Nf2 Rg8 8. d4 Bh6 9. Bb5+ c6 10. Be2 Rxg2 11. Bf3 Rg3 12. Qe2 Qe7 13. Nc3 b6 14. Bd2 Ba6 15. Nd3 Nbd7 16. O-O-O O-O-O 17. Rde1 Bb7 18. Nxf4 Rdg8 19. Kb1 Kb8 20. Bc1 Re8 21. Qf2 Rgg8 22. Nd3 Bxc1 23. Nxc1 Ng4 24. Qd2 h5 25. Nd3 Qf6 26. Qf4 Qxd4 27. Bxg4 hxg4 28. Qxf7 Ne5 29. Nxe5 Qxe5 30. Rhf1 g3 31. a3 g2 32. Rg1 Qg3 33. h5 Ref8 34. Qh7 Rg7 35. Qh6 Rgf7 36. e5 Rf1 37. Qxd6+ Ka8 38. Qd1 Rxe1 39. Rxe1 a5 40. e6 Qxe1 41. Qxe1 Rf1 42. Qd1 Rxd1+ 0-1


[Site "https://www.chess.com"]

[Event "Titled Tuesday Blitz December 06 Late 2022"]
[White "Nepo"]
[Black "Gerbelli Neto, Eduardo"]
[BlackFideId "2103281"]
[WhiteElo "2201"]
[BlackElo "2178"]
[Result "0-1"]
[Round "07"]
[TimeControl "180+1"]
[Date "2022.12.07"]
[WhiteClock "0:00:46"]
[BlackClock "0:00:28"]

1. e4 e5 2. Nf3 Nc6 3. Bb5 a6 4. Ba4 d6 5. O-O Bg4 6. h3 h5 7. c3 Qf6 8. d4 b5 9. d5 Bxf3 10. gxf3 Nce7 11. Bc2 Ng6 12. Be3 Nh4 13. Kh1 Nxf3 14. a4 Rb8 15. axb5 axb5 16. Ba7 Rb7 17. Be3 g5 18. Ra8+ Ke7 19. c4 g4 20. cxb5 Bh6 21. Nd2 Nxd2 22. Bxd2 Bxd2 23. b6 Bf4 24. Ba4 Qh4 25. Re8+ Kf6 26. Qd3 Rxb6 27. Bd7 Rxb2 0-1


[Site "https://www.chess.com"]

[Event "Titled Tuesday Blitz December 06 Late 2022"]
[White "Omelja, Artem"]
[Black "Koellner, Ruben Gideon"]
[WhiteFideId "14119846"]
[BlackFideId "12993093"]
[WhiteElo "2404"]
[BlackElo "2303"]
[Result "1-0"]
[Round "07"]
[TimeControl "180+1"]
[Date "2022.12.07"]
[WhiteClock "0:01:22"]
[BlackClock "0:00:36"]

1. e4 d6 2. d4 Nf6 3. Bd3 e5 4. c3 Nbd7 5. f4 d5 6. fxe5 Nxe4 7. Nf3 f6 8. O-O fxe5 9. Bxe4 dxe4 10. Ng5 Nf6 11. Qb3 Qd5 12. dxe5 Qxb3 13. axb3 Ng4 14. Nxe4 Nxe5 15. Bf4 Bd6 16. Nxd6+ cxd6 17. Re1 O-O 18. Bxe5 dxe5 19. Rxe5 Bf5 20. Nd2 a6 21. Nf3 Rad8 22. Nd4 Bd7 23. Rae1 Rfe8 24. Rxe8+ Rxe8 25. Rxe8+ Bxe8 26. Kf2 Kf7 27. Ke3 Ke7 28. Kf4 Kf6 29. h4 Bd7 30. g4 h6 31. g5+ hxg5+ 32. hxg5+ Kg6 33. b4 Bc8 34. Nf3 Kh5 35. Ne5 Be6 36. Nd3 Bd5 37. Nc5 Bc6 38. Ne6 Kg6 39. c4 Bg2 40. Kg4 Bf1 41. Nf4+ Kf7 42. c5 Bb5 43. Kf5 Bd7+ 44. Ke5 Ke7 45. Ng6+ Kf7 46. Kd6 Bc6 47. Ne5+ 1-0


[Site "https://www.chess.com"]

[Event "Titled Tuesday Blitz December 06 Late 2022"]
[White "Oro, Faustino"]
[Black "Makridis, Dimitrios"]
[WhiteFideId "20000197"]
[BlackFideId "25864475"]
[WhiteElo "1984"]
[BlackElo "2272"]
[Result "1/2-1/2"]
[Round "07"]
[TimeControl "180+1"]
[Date "2022.12.06"]
[WhiteClock "0:00:02"]
[BlackClock "0:00:05"]

1. e4 c5 2. Nf3 Nc6 3. d4 cxd4 4. Nxd4 Nf6 5. Nc3 e5 6. Ndb5 Bb4 7. a3 Bxc3+ 8. Nxc3 O-O 9. Be3 h6 10. Be2 d6 11. O-O Be6 12. f3 Rc8 13. Qd2 d5 14. exd5 Nxd5 15. Nxd5 Qxd5 16. Qxd5 Bxd5 17. Rad1 Be6 18. Rd6 Rfd8 19. Rfd1 Rxd6 20. Rxd6 Kf8 21. Bc5 Ke8 22. b4 b6 23. Be3 Ke7 24. Rd1 Nb8 25. Bd3 Nd7 26. Kf2 Bc4 27. Bf5 Be6 28. Bd3 Nf6 29. Ke2 Bc4 30. Bd2 Bxd3+ 31. Kxd3 b5 32. Be3 Nd5 33. Bc5+ Ke6 34. Kd2 a6 35. Re1 Rd8 36. Kc1 f6 37. Kb2 Kf5 38. g3 g5 39. Re4 h5 40. h3 Ke6 41. Kb3 f5 42. Re1 Nf6 43. a4 g4 44. hxg4 hxg4 45. fxg4 Nxg4 46. axb5 axb5 47. Ra1 f4 48. gxf4 exf4 49. Re1+ Kf5 50. Re7 f3 51. Rf7+ Ke4 52. Re7+ Kf4 53. Rf7+ Kg3 54. Rf5 f2 55. Bxf2+ Nxf2 56. Rxb5 Kf3 57. c4 Ne4 58. Rf5+ Ke3 59. c5 Kd4 60. Rf7 Nd2+ 61. Ka4 Kc4 62. Rf4+ Kd5 63. Rf5+ Ke6 64. Rh5 Rb8 65. b5 Ne4 66. Kb4 Nf6 67. Rh6 Ke5 68. c6 Nd5+ 69. Kc5 Nc7 70. Rh5+ Ke6 71. b6 Na6+ 72. Kb5 Nc7+ 73. Kc5 Na6+ 74. Kb5 Nc7+ 75. Kc5 1/2-1/2


[Site "https://www.chess.com"]

[Event "Titled Tuesday Blitz December 06 Late 2022"]
[White "Papayan, Oleg"]
[Black "Barria Zuniga, Daniel"]
[WhiteFideId "4193911"]
[BlackFideId "3400816"]
[WhiteElo "2153"]
[BlackElo "2414"]
[Result "0-1"]
[Round "07"]
[TimeControl "180+1"]
[Date "2022.12.07"]
[WhiteClock "0:00:14"]
[BlackClock "0:00:08"]

1. e4 c5 2. Nf3 Nc6 3. Bb5 a6 4. Bxc6 bxc6 5. O-O e6 6. d3 Ne7 7. Nbd2 Ng6 8. e5 Be7 9. Qe2 O-O 10. Nc4 f6 11. b3 fxe5 12. Nfxe5 Nxe5 13. Nxe5 Qc7 14. Bb2 d6 15. Nc4 e5 16. Rae1 Bf6 17. f4 exf4 18. Bxf6 Rxf6 19. Qe8+ Rf8 20. Rxf4 Bf5 21. Qe7 Qxe7 22. Rxe7 d5 23. Ne5 Rf6 24. g4 Bg6 25. Rxf6 gxf6 26. Nxc6 Kf8 27. Rd7 c4 28. Rxd5 cxd3 29. cxd3 Rc8 30. Nb4 Rc1+ 31. Kf2 Rb1 32. h4 Ke7 33. h5 Bf7 34. Ra5 Be6 35. g5 fxg5 36. Rxg5 Kf6 37. Ra5 Bg4 38. Rxa6+ Kg5 39. Ra5+ Kh4 40. h6 Rb2+ 41. Ke3 Re2+ 42. Kd4 Re6 43. Rd5 Rxh6 44. a4 Rb6 45. Rb5 Rd6+ 46. Kc4 Rd8 47. a5 Bf3 48. a6 Kg3 49. a7 Ra8 50. Ra5 h5 51. Kc5 h4 52. Nd5 Bxd5 53. Kxd5 h3 54. Kc6 h2 55. Rh5 Rxa7 56. Kb6 Ra2 57. b4 Rb2 58. b5 Kg2 59. d4 Rb3 60. d5 Rh3 61. Rxh3 Kxh3 62. d6 h1=Q 63. d7 Qa8 64. Kc7 Qa7+ 65. Kc6 Qb8 66. b6 Kg4 67. b7 Kf5 68. Kb6 Ke6 69. d8=Q Qxd8+ 70. Ka7 Qa5+ 71. Kb8 Kd6 72. Kc8 Qc5+ 73. Kd8 Qb6+ 74. Ke8 Qxb7 75. Kd8 Qc7+ 76. Ke8 Qd7+ 77. Kf8 Qe7+ 78. Kg8 Ke6 79. Kh8 Kf6 80. Kg8 Qg7# 0-1


[Site "https://www.chess.com"]

[Event "Titled Tuesday Blitz December 06 Late 2022"]
[White "Papp, Levente"]
[Black "Nasuta, Grzegorz"]
[WhiteFideId "751243"]
[BlackFideId "1141686"]
[WhiteElo "2380"]
[BlackElo "2441"]
[Result "0-1"]
[Round "07"]
[TimeControl "180+1"]
[Date "2022.12.07"]
[WhiteClock "0:00:07"]
[BlackClock "0:00:06"]

1. Nf3 Nf6 2. g3 d5 3. Bg2 c5 4. O-O e6 5. c4 d4 6. e3 Nc6 7. exd4 cxd4 8. d3 Bd6 9. Na3 a5 10. Nb5 Bb8 11. Re1 O-O 12. b3 h6 13. Bb2 e5 14. a3 Re8 15. Nd2 Bf5 16. Ne4 Nxe4 17. Bxe4 Be6 18. Qd2 Qd7 19. b4 f5 20. Bg2 Bf7 21. c5 Nd8 22. a4 Nc6 23. bxa5 Nxa5 24. Qe2 Nb3 25. Rab1 Nxc5 26. Bxd4 Nxa4 27. Be3 Ra5 28. Qc2 Rc8 29. Qd1 Nc5 30. Nc3 Nxd3 31. Rxb7 Qd8 32. Nb5 e4 33. Re2 Bd5 34. Rd2 Bxb7 35. Nd4 Rd5 36. Ne6 Qe7 37. Bf1 Rd7 38. Qb3 Bd5 39. Qb5 Qxe6 40. Bd4 Bc4 41. Qa5 Rcd8 42. Be3 Rd5 43. Qc3 R5d7 44. Qa3 Bd6 45. Qc3 Bf8 46. Qa5 Bb4 47. Qb6 Qxb6 48. Bxb6 Bxd2 49. Bxd8 Rxd8 0-1


[Site "https://www.chess.com"]

[Event "Titled Tuesday Blitz December 06 Late 2022"]
[White "Phillips, Rene"]
[Black "Hernandez Jimenez, Alexander Andres"]
[WhiteFideId "2056275"]
[BlackFideId "3900452"]
[WhiteElo "2132"]
[BlackElo "2098"]
[Result "1-0"]
[Round "07"]
[TimeControl "180+1"]
[Date "2022.12.07"]
[WhiteClock "0:02:03"]
[BlackClock "0:01:26"]

1. Nf3 Nf6 2. d4 g6 3. Bf4 Bg7 4. e3 d6 5. h3 O-O 6. Bc4 c5 7. c3 b6 8. Qe2 Bb7 9. O-O Nbd7 10. Ba6 Qc8 11. Bxb7 Qxb7 12. Nbd2 b5 13. a4 a6 14. Rfd1 Ne4 15. Nxe4 Qxe4 16. axb5 axb5 17. Qxb5 Rxa1 18. Rxa1 Rd8 19. Ra7 e5 20. Rxd7 Rxd7 21. Qxd7 exf4 22. Qxf7+ Kh8 23. Ng5 1-0


[Site "https://www.chess.com"]

[Event "Titled Tuesday Blitz December 06 Late 2022"]
[White "Pinheiro, Iung Alicio de O."]
[Black "Gasparyan, David"]
[WhiteFideId "2104350"]
[BlackFideId "13311980"]
[WhiteElo "2283"]
[BlackElo "2396"]
[Result "1-0"]
[Round "07"]
[TimeControl "180+1"]
[Date "2022.12.07"]
[WhiteClock "0:00:19"]
[BlackClock "0:00:01"]

1. e4 c5 2. Nf3 d6 3. d4 Nd7 4. Nc3 a6 5. a4 g6 6. d5 Bg7 7. Bf4 Ngf6 8. Qd2 h6 9. h4 Ng4 10. Be2 Nde5 11. Ng1 Qc7 12. f3 Nf6 13. g4 Rb8 14. Nh3 Bd7 15. a5 Ra8 16. Nf2 b5 17. axb6 Qxb6 18. Ra2 a5 19. Nfd1 a4 20. h5 g5 21. Bxe5 dxe5 22. Ne3 O-O 23. Nc4 Qc7 24. O-O Rfb8 25. Rfa1 Rb4 26. b3 Ne8 27. Nb2 Rd4 28. Qe1 Nd6 29. Ncxa4 e6 30. Nc3 Rxa2 31. Rxa2 f5 32. Bc4 Nxc4 33. Nxc4 fxg4 34. fxg4 exd5 35. Nxd5 Rxd5 36. exd5 Bxg4 37. Qe4 Bxh5 38. Ra8+ Kf7 39. Qf5+ Bf6 40. Qe6+ Kg7 41. Qg8# 1-0


[Site "https://www.chess.com"]